cohdb
Replays
Latest Replays
All Replays
Popular Replays
Top Player Replays
Match Explorer
How It Works
Community
CoH3 Stats
Reddit
Sign in to upload your games and track your stats! →
Sign in with Steam
Match 43002256
Unlisted
Match 43002256
Overview
Messages
Build Orders
End
Construct Infanterie Kompanie
Grenadier Squad
Kettenkrad Recon Vehicle
Selects Terror Battlegroup
Selects Machine Gun Camouflage
Grenadier Squad
MG 42 Machine Gun Team
GrW 34 Mortar Team
Construct Panzergrenadier Kompanie
Pak 40 Anti-tank Gun Team
MG 42 Machine Gun Team
Medical Station
Construct Luftwaffe Kompanie
Support Elements
Wirbelwind Flakpanzer
Side Skirts
SUPACAUSAL
matrix4x4
0
0
Comments
sign in to comment!
No comments posted yet!